 Dungeon Crawl Stone Soup version 0.29.1-13-g9f3cf754e1 (webtiles) character file.

Game seed: 17741667623403817366

889 Peloso the Slasher (level 7, -7/61 HPs)
             Began as a Minotaur Fighter on Jan 31, 2023.
             Was a Believer of Okawaru.
             Mangled by an ogre
             ... wielding a +0 giant spiked club
              (19 damage)
             ... on level 5 of the Dungeon.
             The game lasted 00:06:27 (3256 turns).

Peloso the Slasher (Minotaur Fighter)               Turns: 3256, Time: 00:06:28

Health: -7/61      AC: 10    Str: 20    XL:     7   Next: 77%
Magic:  6/6        EV:  8    Int:  5    God:    Okawaru [**....]
Gold:   243        SH:  5    Dex: 12    Spells: 6/6 levels left

rFire   . . .      SeeInvis .   a - +0 long sword
rCold   . . .      Faith    .   d - +0 buckler
rNeg    . . .      Spirit   .   c - +0 chain mail
rPois   .          Reflect  .   (helmet restricted)
rElec   .          Harm     .   (no cloak)
rCorr   .          Rampage  .   (no gloves)
Will    +....                   (no boots)
Stlth   ..........              (no amulet)
HPRegen 0.20/turn               e - +4 ring of slaying
MPRegen 0.10/turn               o - ring of willpower

@: no status effects
A: horns 2, retaliatory headbutt
a: Renounce Religion, Heroism


You were on level 5 of the Dungeon.
You worshipped Okawaru.
Okawaru was pleased with you.
You visited 1 branch of the dungeon, and saw 5 of its levels.

You collected 243 gold pieces.

Inventory:

Hand Weapons
 a - a +0 long sword (weapon)
Missiles
 t - a throwing net (quivered)
Armour
 b - a +0 scale mail
 c - a +0 chain mail (worn)
 d - a +0 buckler (worn)
Jewellery
 e - a +4 ring of slaying (left hand)
 o - a ring of willpower (right hand)
Wands
 q - a wand of quicksilver (4)
Scrolls
 h - a scroll of torment {unknown}
 k - a scroll of noise {unknown}
 m - a scroll of immolation
 n - a scroll of brand weapon {unknown}
 r - a scroll of fear {unknown}
Potions
 f - a potion of berserk rage
 g - a potion of invisibility
 i - 3 potions of brilliance
 j - 5 potions of curing {unknown}
 l - a potion of magic {unknown}
 p - a potion of heal wounds {unknown}
 s - 3 potions of flight {unknown}
 u - 2 potions of might


   Skills:
 + Level 5.1 Fighting
 + Level 7.5 Long Blades
 + Level 6.6 Armour
 + Level 2.0 Dodging
 + Level 0.2 Stealth
 + Level 4.8 Shields


You had 6 spell levels left.
You didn't know any spells.
Your spell library was empty.

Dungeon Overview and Level Annotations

Branches:
Dungeon (5/15)
 Temple: D:4-7

Altars:
Fedhas
Kikubaaqudgha
Nemelex Xobeh
Okawaru
Trog
Xom
Zin
The Shining One


Innate Abilities, Weirdness & Mutations

You have a pair of horns on your head.
You reflexively headbutt those who attack you in melee.


Message History

a +0 short sword; a +0 chain mail; an orc corpse
j - 5 amethyst potions (gained 2)
Things that are here:
a +0 club; a +0 ring mail; an orc corpse
Things that are here:
a +0 short sword; a +0 chain mail; an orc corpse The orc shouts!
An ogre comes into view. It is wielding a +0 giant spiked club.
The ogre shouts!
You block the orc's attack.
You barely miss the orc. Your headbutt misses the orc.
You block the orc's attack.
You hit the orc.
The orc is almost dead.
The orc hits you but does no damage.
You barely miss the orc. Your headbutt misses the orc.
The orc is almost dead.
You block the orc's attack.
You hit the orc.
You kill the orc!
Okawaru accepts your kill. The ogre hits you but does no damage.
You barely miss the ogre. You hit the ogre.
The ogre is lightly wounded.
The ogre hits you with a +0 giant spiked club!!
A gnoll comes into view. It is wielding a +0 spear.
The gnoll shouts!
You slash the ogre! Your headbutt misses the ogre.
The ogre is heavily wounded.
The ogre hits you with a +0 giant spiked club!
* * * LOW HITPOINT WARNING * * *
You barely miss the ogre. You headbutt the ogre!
The ogre is severely wounded.
A gnoll comes into view. It is wielding a +0 flail.
The gnoll shouts!
You hit the ogre. You headbutt the ogre.
The ogre is almost dead.
The ogre hits you with a +0 giant spiked club!!
You die...

....# #......# ##.......
....# #......###
#........ ....#
#........#######........
....#
#.....##.#.)..))........
...##
#..#.##...)######.......
..## #.##.#..#.##
.....>. ..# #..##...##.#
....... #. #...#
#.####..######## ....#
#)@....... ##..
#..O...... ...
#......... .. ..........
##......... ##.....g..
#........ #.....g..


You could see an ogre and 2 gnolls.

Vanquished Creatures
  An ogre (D:5)
  2 phantoms (D:4)
  2 scorpions
  6 orc priests
  2 hounds
  Ijyb (D:3)
  Natasha (thrice) (D:4)
  3 orc wizards
  3 adders
  A shadow imp (D:5)
  A worm (D:2)
  A dart slug (D:1)
  13 orcs
  4 ball pythons
  4 bats
  3 endoplasms
  2 giant cockroaches
  4 goblins
  6 hobgoblins
  4 jackals
  5 quokkas
  13 kobolds
  5 rats
89 creatures vanquished.

Notes
Turn   | Place    | Note
-------+----------+-------------------------------------------
     0 | D:1      | Peloso the Minotaur Fighter began the quest for the Orb.
     0 | D:1      | Reached XP level 1. HP: 19/19 MP: 0/0
   156 | D:1      | Reached XP level 2. HP: 18/27 MP: 1/1
   604 | D:2      | Reached XP level 3. HP: 32/33 MP: 2/2
  1297 | D:3      | Noticed Ijyb
  1316 | D:3      | Killed Ijyb
  1317 | D:3      | Reached skill level 3 in Long Blades
  1317 | D:3      | Reached XP level 4. HP: 25/40 MP: 3/3
  1433 | D:3      | Found an iron altar of Okawaru.
  1434 | D:3      | Found a glowing golden altar of the Shining One.
  1448 | D:3      | Found a sparkling altar of Nemelex Xobeh.
  1448 | D:3      | Found a bloodstained altar of Trog.
  1453 | D:3      | Became a worshipper of Warmaster Okawaru
  2099 | D:3      | Reached skill level 4 in Long Blades
  2180 | D:4      | Reached skill level 5 in Armour
  2180 | D:4      | Reached XP level 5. HP: 35/46 MP: 4/4
  2255 | D:4      | Reached skill level 1 in Dodging
  2299 | D:4      | Found a shimmering altar of Xom.
  2302 | D:4      | Found an ancient bone altar of Kikubaaqudgha.
  2314 | D:4      | Noticed a phantom
  2321 | D:4      | Found a blossoming altar of Fedhas.
  2325 | D:4      | Killed a phantom
  2325 | D:4      | Reached * piety under Okawaru
  2326 | D:4      | Reached skill level 5 in Long Blades
  2326 | D:4      | Reached XP level 6. HP: 44/53 MP: 5/5
  2676 | D:4      | Noticed Natasha
  2681 | D:4      | Killed Natasha
  2696 | D:4      | Noticed Natasha
  2702 | D:4      | Killed Natasha
  2721 | D:4      | Reached skill level 6 in Long Blades
  2839 | D:4      | Found a glowing silver altar of Zin.
  2874 | D:4      | Noticed Natasha
  2880 | D:4      | Killed Natasha
  2881 | D:4      | Reached XP level 7. HP: 60/60 MP: 6/6
  2895 | D:5      | Entered Level 5 of the Dungeon
  3059 | D:5      | Reached skill level 7 in Long Blades
  3151 | D:5      | Reached skill level 5 in Fighting
  3239 | D:5      | Reached ** piety under Okawaru
  3256 | D:5      | Mangled by an ogre

Illustrated notes

Levels and vault maps discovered:
D:1:      sevenhm_arrival_forest_fort_small_4, layout_rooms
D:2:      layout_loops_ring
D:3:      layout_basic, chequers_temple_overflow_statue_of_worship,
          guppyfry_early_lair_pool, uniq_ijyb
D:4:      layout_rooms, mainiacjoe_overflow_concentric_impassable,
          gammafunk_temple_overflow_forgotten, uniq_natasha
D:5:      layout_rooms

Skill      XL: |  1  2  3  4  5  6  7 |
---------------+----------------------+-----
Armour         | 4 5 6 |  6.6
Shields        | 4 |  4.8
Fighting       | 4 5 |  5.1
Long Blades    | 3 4 5 6 7 |  7.5
Dodging        | 1 2 |  2.0
Stealth        | |  0.2

Action                   |  1- 3 |  4- 6 |  7- 9 || total
-------------------------+-------+-------+-------++-------
Melee: Long sword        |    73 |    73 |    55 ||   201
       Headbutt          |     5 |    18 |    12 ||    35
  Use: Scroll            |     5 |     2 |       ||     7
Armor: Scale mail        |    38 |    31 |     3 ||    72
       Chain mail        |       |       |    17 ||    17
Dodge: Dodged            |    44 |    29 |    21 ||    94
Block: Buckler           |    18 |    17 |    11 ||    46
